[Event "FIDE WSTC Open 50 2025"]
[Site "Prague"]
[Date "2025.02.24"]
[Round "7.26"]
[White "Jaksland, Tim"]
[Black "Varga, Zoltan"]
[Result "0-1"]
[Annotator "TA"]
[ECO "B07"]
[WhiteElo "2143"]
[BlackElo "2301"]
[PlyCount "54"]
[EventDate "2025.02.17"]
[EventType "team-tourn"]
[EventCountry "CZE"]
[SourceTitle "playchess.com"]
[Source "ChessBase"]
[SourceQuality "1"]
[TimeControl "40/5400+30:1800+30"]

1. e4 d6 2. d4 Nf6 3. Nc3 Nbd7 4. Nf3 e5 5. Bc4 Be7 6. O-O O-O 7. Re1 c6 8. a4 h6 {[%emt 0:00:23] 8...a5 is setting a new trend.} 9. h3 exd4 {[%emt 0:00:51] C41: Philidor Defence.} 10. Nxd4 Ne5 11. Ba2 Re8 {[%emt 0:00:23] White is slightly better.} 12. Bf4 Bf8 13. Bg3 Qa5 14. f4 $146 (14. Bb3 Ng6 15. Qd2 Qh5 16. a5 a6 17. Bc4 Ne5 18. Bb3 Qg6 19. Re3 Nh5 20. Bh2 {1-0 Isha,S (2147)-Ratkovic,P (2094) Senta Fantastico op 02 2024 (3)}) 14... Ng6 15. Qf3 Bd7 16. Bf2 Rad8 17. g4 (17. Qg3 $16) 17... c5 (17... Qb4 $1 $11) 18. Nf5 $16 Bc6 {[%emt 0:02:58][%csl Of5] [#] Strong Square White (f5)} (18... Qb4 $16) 19. Bd5 $2 (19. g5 $1 $18 hxg5 20. fxg5) 19... Bxd5 $11 20. exd5 Qb4 21. Bg3 Rxe1+ 22. Rxe1 Qxb2 23. Rb1 $2 {[%emt 0:06:08] [#] This costs White the game.} (23. Qd3 $11 {and White stays safe.}) 23... Qxc2 $19 24. Rxb7 (24. Rf1 $142) 24... Re8 25. Rb1 Ne4 26. Re1 Nd2 (26... Qxc3 $2 {loses.} 27. Qxc3 Nxc3 28. Rxe8 $18) 27. Qg2 (27. Qd1 Rxe1+ (27... Qxc3 28. Rxe8 Nf3+ 29. Kh1 $16) 28. Bxe1 Qxc3 29. Bxd2 Qxh3 30. Qe2) 27... Nxf4 {[%emt 0:12:22] Weighted Error Value: White=0.78/Black=0.21 (precise)   Loses game:     	White=1     	---        Missed win:     	White=1     	---        Mistake:       	White=3     	Black=2      Inaccurate:     	White=1     	Black=2      OK:         	White=2     	Black=9      Best:        	White=2     	Black=2} 0-1

[Event "FIDE WSTC Open 50 2025"]
[Site "Prague"]
[Date "2025.02.24"]
[Round "7.27"]
[White "Horvath, Peter"]
[Black "Nordenbaek, Jan"]
[Result "1-0"]
[Annotator "TA"]
[ECO "D30"]
[WhiteElo "2354"]
[BlackElo "2192"]
[PlyCount "95"]
[EventDate "2025.02.17"]
[EventType "team-tourn"]
[EventCountry "CZE"]
[SourceTitle "playchess.com"]
[Source "ChessBase"]
[SourceQuality "1"]
[TimeControl "40/5400+30:1800+30"]

1. d4 d5 2. c4 e6 3. Nf3 Nf6 4. Bg5 Bb4+ 5. Nc3 h6 6. Bxf6 Qxf6 7. Qa4+ Nc6 8. e3 O-O 9. cxd5 exd5 10. Be2 Rd8 11. O-O {[%emt 0:02:44] D38: Queen's Gambit Declined: Ragozin Defence (4 Nf3 Bb4).} a6 12. Rfc1 Be6 13. Qd1 {[%emt 0:02:29] The position is equal.} Bd6 14. Na4 Ne7 15. Nc5 Bc8 16. b4 b6 17. Nd3 g5 $146 ({Predecessor:} 17... a5 18. b5 Bf5 19. Nde5 Ng6 20. Rc6 Bd7 21. Nxd7 Rxd7 22. Bd3 Re8 23. Bxg6 Qxg6 {1-0 Wagh,S (2246)-Iljin,T (2273) Titled Tuesday intern op 11th Aug blitz 2020 (6)}) 18. Nfe5 Ng6 19. Nxg6 fxg6 20. Bf3 Be6 21. g3 a5 22. b5 Rf8 23. Bg2 Rae8 24. a4 Kh8 25. Ra2 Re7 26. Qb3 Qf5 27. Rac2 ({Better is} 27. f4 $14) 27... Bg8 28. Rc6 Be6 29. Qc2 Bd7 30. Rc3 Be6 {[%emt 0:01:43] [#]} 31. Ne5 $1 Qxc2 32. R3xc2 Kg7 33. Rc6 g4 34. Bf1 h5 35. Bd3 Rf6 36. R1c2 Bf5 37. Bxf5 Rxf5 38. Kg2 g5 39. h3 gxh3+ 40. Kxh3 Rf6 41. f4 Kh6 (41... g4+ $1 $11 42. Kh4 Kh6) 42. Kg2 $14 Rg7 43. Kf3 $36 {[%emt 0:01:47][%mdl 2048] White is on the roll.} Kh7 44. Rc1 {[%emt 0:09:25] White is more active.} Kg8 45. Rh1 g4+ 46. Ke2 Kf8 $2 {[%emt 0:00:49][%mdl 8192] [#]} (46... Rh7 $16 47. Rc2 Kg7) 47. Rxh5 $18 Rf5 (47... Ke8 $142 48. Rc1 Rg8) 48. Rh1 $2 {Weighted Error Value: White=0.10 (very precise) /Black=0.35  Loses game:     	---       	Black=1      Mistake:       	White=2     	Black=2      Inaccurate:     	White=3     	Black=6      OK:         	White=14    	Black=12     Best:        	White=2     	---} (48. Rxf5+ Ke8 49. Rg5 (49. Rh5 Ke7 $18)) 1-0

[Event "FIDE WSTC Open 50 2025"]
[Site "Prague"]
[Date "2025.02.24"]
[Round "7.28"]
[White "Nielsen, Niels-Peter"]
[Black "Krizsany, Laszlo"]
[Result "0-1"]
[Annotator "TA"]
[ECO "B00"]
[WhiteElo "2086"]
[BlackElo "2303"]
[PlyCount "76"]
[EventDate "2025.02.17"]
[EventType "team-tourn"]
[EventCountry "CZE"]
[SourceTitle "playchess.com"]
[Source "ChessBase"]
[SourceQuality "1"]
[TimeControl "40/5400+30:1800+30"]

1. e4 b6 2. Nf3 Bb7 3. Nc3 e6 4. d4 Bb4 5. Bd3 Nf6 6. Bg5 h6 7. Bxf6 Qxf6 8. O-O Bxc3 9. bxc3 d6 10. Re1 {[%emt 0:07:07] B00: Queen's Fianchetto Defence, Nimzowitsch Defence.} Nd7 11. e5 $146 ({Predecessor:} 11. Qe2 O-O 12. Ba6 Bxa6 13. Qxa6 Qd8 14. Rad1 Qc8 15. Qd3 Nf6 16. e5 Nd7 17. a3 dxe5 18. dxe5 {½-½ Tupy,E (1563)-Kastler,P (1630) SVK-chT3A2 2223 2022 (2.5)}) 11... Bxf3 12. exf6 {[%emt 0:02:15] The position is equal.} Bxd1 13. fxg7 {[%emt 0:00:13] A sharp opening} Rg8 14. Raxd1 Ke7 15. Re3 Rxg7 16. Rg3 (16. a4 $11) 16... Rag8 ({Black should play} 16... Rxg3 $17 17. hxg3 c5) 17. Rxg7 $11 Rxg7 {[%emt 0:00:02][%mdl 4096] Endgame KRB-KRN} 18. f4 {[%emt 0:02:35] Inhibits Rg5.} Nf6 19. c4 {[%emt 0:06:34] Dodges Nd5} d5 20. c5 (20. Re1 $11 {remains equal.}) 20... bxc5 21. dxc5 Nd7 22. c6 Nb6 23. a4 Nxa4 24. Ra1 Nb6 25. Rxa7 Kd6 26. Be2 Kxc6 27. Ra3 Nd7 28. Rh3 Rg6 29. Bh5 Rf6 30. Rc3+ Kd6 31. g3 e5 32. fxe5+ Nxe5 33. Be2 {[%emt 0:01:19] [#]} d4 $1 34. Ra3 Kd5 35. Kg2 c5 36. g4 (36. Bd3 {might work better.}) 36... Rb6 $19 {[%emt 0:04:15] and ...Rb2 should not be overlooked} 37. Kf2 $2 {[%emt 0:08:35] [#]} (37. Kg3) 37... Rb2 38. Bd1 d3 {[%emt 0:01:19] Weighted Error Value: White=0.40/Black=0.08 (flawless)   Mistake:       	White=5     	Black=1      Inaccurate:     	White=1     	Black=2      OK:         	White=7     	Black=12     Best:        	White=3     	Black=3} 0-1

[Event "FIDE WSTC Open 50 2025"]
[Site "Prague"]
[Date "2025.02.24"]
[Round "7.29"]
[White "Svensson, Bengt"]
[Black "Davies, Nigel R"]
[Result "1/2-1/2"]
[Annotator "TA"]
[ECO "B42"]
[WhiteElo "2297"]
[BlackElo "2294"]
[PlyCount "47"]
[EventDate "2025.02.17"]
[EventType "team-tourn"]
[EventCountry "CZE"]
[SourceTitle "playchess.com"]
[Source "ChessBase"]
[SourceQuality "1"]
[TimeControl "40/5400+30:1800+30"]

1. e4 c5 2. Nf3 e6 3. d4 cxd4 4. Nxd4 a6 5. Bd3 Bc5 6. Nb3 Ba7 7. Nc3 Nc6 8. Qe2 d6 9. Be3 Bxe3 10. Qxe3 Nf6 11. O-O-O e5 {[%emt 0:30:39] B42: Sicilian: Kan Variation: 5 Bd3.} 12. f4 exf4 (12... Be6 $11) 13. Qxf4 $14 O-O {[%emt 0:00:41] White is slightly better.} 14. Be2 Ne5 15. Rd2 $146 ({Predecessor:} 15. Qd2 Ne8 16. Rhf1 b5 17. Kb1 Bb7 18. a3 Rc8 19. h3 Qc7 20. Rf4 Qe7 21. Nd4 g6 22. Rdf1 Ng7 23. Rf6 Nd7 24. R6f4 Ne5 25. Rf6 Nd7 26. R6f4 Ne5 {½-½ Paravyan,D (2601)-Kamsky,G (2665) ChessKid Play In m blitz 2023 (1.2)}) 15... Qe7 16. Rhd1 Rd8 17. h3 Be6 18. g4 Rac8 19. Kb1 (19. g5 $14 Ne8 20. Nd4) 19... g6 (19... Ng6 $11 {remains equal.} 20. Qe3 h6) 20. g5 Ne8 21. Bg4 (21. Qg3 $14) 21... Rxc3 22. bxc3 Rc8 23. Bxe6 Qxe6 24. Qg3 {Weighted Error Value: White=0.23 (precise) /Black=0.24 (precise)   Mistake:       	White=2     	Black=3      Inaccurate:     	White=2     	---        OK:         	White=5     	Black=5} 1/2-1/2

[Event "FIDE WSTC Open 50 2025"]
[Site "Prague"]
[Date "2025.02.24"]
[Round "7.30"]
[White "Dishman, Stephen"]
[Black "Svenn, Gosta"]
[Result "0-1"]
[Annotator "TA"]
[ECO "A04"]
[WhiteElo "2273"]
[BlackElo "2290"]
[PlyCount "82"]
[EventDate "2025.02.17"]
[EventType "team-tourn"]
[EventCountry "CZE"]
[SourceTitle "playchess.com"]
[Source "ChessBase"]
[SourceQuality "1"]
[TimeControl "40/5400+30:1800+30"]

1. Nf3 f5 2. c4 Nf6 3. g3 e6 4. Bg2 Be7 5. O-O d5 6. b3 {[%emt 0:00:38] A10: English Opening: Unusual Replies for Black.} Nc6 7. cxd5 exd5 8. Bb2 {[%emt 0:07:24] White is slightly better.} O-O 9. e3 Bd7 10. d3 $146 (10. Nc3 Be8 11. Rc1 Bh5 12. Ne2 Bxf3 13. Bxf3 Qd6 14. Qc2 Ne4 15. Bg2 Bf6 16. Bxf6 Rxf6 {1-0 Aupi Royo,J (2329)-Vertes,A (2343) FRA-ESP email 2008}) 10... Be8 11. a3 a5 12. Nbd2 Bh5 13. Qc2 Kh8 14. Rfe1 Bd6 15. Bc3 (15. Nh4 $16) 15... Qe7 $14 16. Qb2 Rae8 17. Nd4 Nxd4 18. Bxd4 Qd7 19. Nf3 c5 20. Bc3 $1 Qb5 21. Qc2 b6 22. Nh4 Qd7 23. Qb2 d4 24. exd4 $16 f4 25. Rxe8 (25. dxc5 $16 bxc5 26. Rxe8 (26. Bxa5 fxg3 27. hxg3 Ng4 $14) 26... Qxe8 27. Re1 (27. Bxa5 fxg3 28. hxg3 Ng4 $14)) 25... Rxe8 $11 26. Bf3 {[%emt 0:06:49] [#] Repels Re2} (26. Rf1 $11) 26... Bxf3 $1 $17 27. Nxf3 {[%emt 0:00:04] [#]} Qg4 $1 {[%emt 0:00:16] Black is more active.} 28. Ne5 Bxe5 29. dxe5 {[%emt 0:00:02] White is weak on the light squares} f3 $40 {[%emt 0:00:12][%cal Og4h3][%mdl 128] ( -> ...Qh3!) Black has some attack.} 30. Kf1 $2 {[%emt 0:01:22][%mdl 8192] This costs White the game.} (30. exf6 $2 Qh3 31. fxg7+ Kg8 32. Kh1 Qg2#) (30. Qc1 $15 Nd5 31. Bb2) 30... Qh3+ $19 31. Ke1 Qxh2 {[%emt 0:00:52][%cal Of6e4] And now ...Ne4! would win.} 32. Kd1 Ng4 33. Qd2 Nxf2+ 34. Kc2 Ng4 35. Re1 {[%emt 0:02:29] Against Ne3+} (35. Qxh2 $142 Nxh2 36. Be1 Rxe5 37. Rd1) 35... f2 36. Rf1 Qg2 37. Qe2 {[%emt 0:00:58] [#]} Qxf1 $3 38. Qxg4 (38. Qxf1 Ne3+) 38... Rd8 {[%emt 0:00:27] Black mates.} 39. e6 Qxd3+ (39... Rxd3 40. Qxg7#) 40. Kb2 {[%emt 0:00:07] [#]} Qxc3+ $3 41. Kxc3 f1=Q {[%emt 0:30:07] Weighted Error Value: White=0.71/Black=0.30  Loses game:     	White=1     	---        Mistake:       	White=4     	Black=1      Inaccurate:     	White=2     	Black=5      OK:         	White=8     	Black=7      Best:        	White=2     	Black=3      Strong:       	White=1     	Black=2} (41... f1=R $2 {loses.} 42. e7 Rg8 43. Qe2 $18) 0-1

[Event "FIDE WSTC Open 50 2025"]
[Site "Prague"]
[Date "2025.02.24"]
[Round "7.31"]
[White "Jaderberg, Bjorn"]
[Black "Josse, Mark"]
[Result "1/2-1/2"]
[Annotator "TA"]
[ECO "D00"]
[WhiteElo "2134"]
[BlackElo "2139"]
[PlyCount "41"]
[EventDate "2025.02.17"]
[EventType "team-tourn"]
[EventCountry "CZE"]
[SourceTitle "playchess.com"]
[Source "ChessBase"]
[SourceQuality "1"]
[TimeControl "40/5400+30:1800+30"]

1. d4 d5 2. Nc3 Nf6 3. Bf4 e6 4. e3 Bb4 5. Bd3 b6 6. a3 {[%emt 0:02:31] D00: 1 d4 d5: Unusual lines.} Bxc3+ 7. bxc3 Ba6 $146 ({Predecessor:} 7... c5 8. Qf3 Nc6 9. h4 Bb7 10. h5 h6 11. Qg3 Rg8 12. f3 Rc8 13. dxc5 bxc5 {1-0 Jakob,M (2118)-Kuznecovs,N (2292) Oberliga Ost-B 1920 2019 (6.1)}) 8. h3 {[%emt 0:01:08] The position is equal.} Bxd3 9. cxd3 O-O 10. Bg5 Nbd7 11. Nf3 Qc8 12. Qa4 c5 13. O-O c4 14. dxc4 dxc4 15. Bxf6 Nxf6 16. Ne5 Ne4 17. Qc2 (17. Qxc4 Qxc4 18. Nxc4 Rac8 $19) 17... Nf6 18. a4 Nd7 19. f4 Nxe5 20. fxe5 Qc6 21. Kh2 {[%emt 0:07:18] Weighted Error Value: White=0.14 (very precise) /Black=0.14 (very precise)   Inaccurate:     	White=2     	Black=3      OK:         	White=3     	Black=3} 1/2-1/2

[Event "FIDE WSTC Open 50 2025"]
[Site "Prague"]
[Date "2025.02.24"]
[Round "7.32"]
[White "Frostick, Clive A"]
[Black "Wengholm, Anders"]
[Result "0-1"]
[Annotator "TA"]
[ECO "B07"]
[WhiteElo "2105"]
[BlackElo "2132"]
[PlyCount "98"]
[EventDate "2025.02.17"]
[EventType "team-tourn"]
[EventCountry "CZE"]
[SourceTitle "playchess.com"]
[Source "ChessBase"]
[SourceQuality "1"]
[TimeControl "40/5400+30:1800+30"]

1. e4 d6 2. d4 Nf6 3. Nc3 Nbd7 4. Nf3 e5 5. Bc4 Be7 6. O-O c6 7. a4 Qc7 8. Re1 O-O 9. h3 b6 10. Be3 {[%emt 0:16:30] C41: Philidor Defence.} a6 11. Ba2 Bb7 12. dxe5 {[%emt 0:06:47] White is slightly better.} Nxe5 13. Nd4 $146 (13. Nd2 b5 14. f4 b4 15. Ne2 Ned7 16. Ng3 g6 17. Bf2 Nc5 18. Bxc5 dxc5 19. Qf3 {1-0 Kracht,R (1900)-Conrad,J (2078) Dortmund Sparkassen op-A 46th 2018 (7)}) 13... g6 {[%emt 0:00:54] Wards off Nf5} 14. Bh6 Rfe8 15. f4 Ned7 16. Qd3 {[%emt 0:09:31][%cal Oe4e5] e5! is the strong threat.} b5 (16... d5 $11) 17. Kh1 (17. Nf5 $14) 17... c5 (17... Nc5 $5 18. Qe3 Bd8 $11 (18... b4 19. e5 $14)) 18. Ndxb5 axb5 $19 19. Nxb5 Qc6 (19... Qb8 $19 20. e5 dxe5) 20. Qc4 $1 $15 {[%emt 0:00:41] [#]} Rf8 21. Bxf8 Rxf8 $40 {[%emt 0:00:06][%mdl 128] Successful Defense Black Black is up to no good.} 22. Nc3 Nb6 {[%emt 0:03:25] Repels Nd5} (22... Nh5 $15 23. a5 (23. Nd5 Bh4 $17) 23... Bh4 (23... Nxf4 24. Nd5 $15)) 23. Nd5 Nfxd5 $17 (23... Nxc4 24. Nxe7+ Kg7 25. Nxc6 $18) (23... Nbxd5 24. exd5 Qd7 25. Qd3 $17) 24. exd5 Qc7 25. Qe4 Bf6 ({Black should play} 25... Bh4 $19 26. Re3 c4) 26. a5 $15 Nd7 {[%emt 0:01:52][%mdl 1024] Black has compensation.} 27. a6 Bxa6 $19 {[%emt 0:00:36] A strong pair of Bishops.} 28. Bb3 Bb7 29. c3 Nb6 30. Ra7 c4 31. Bd1 Qb8 (31... Nxd5 32. Qxd5 Rb8 33. Qa5 Qxa5 34. Rxa5 $18) 32. Ra5 Kg7 33. Bf3 h6 34. g4 (34. Rb5 $17 Ba6 35. Ra5) 34... Qc7 35. Rb5 Bc8 36. Rb4 (36. Qe3 $142 Re8 37. Qg1 (37. Qxe8 $2 {perishes.} Bd7 $19)) 36... Bd7 37. Qe3 {[%emt 0:00:32] [#]} Na4 38. Ra1 Re8 39. Qf2 (39. Qd2 {was called for.}) 39... Nc5 {[%emt 0:02:23] ...Nd3 is the strong threat.} 40. Kh2 Nd3 41. Qb6 Qc8 42. Qxd6 Be7 {[%emt 0:02:32] Black is clearly winning.} 43. Qb6 Bc5 44. Qa6 Qxa6 45. Rxa6 Nxb4 46. cxb4 Bxb4 47. Ra7 Rd8 48. Rc7 Bd6 49. Rxc4 Rb8 {[%emt 0:00:10] Weighted Error Value: White=0.47/Black=0.21 (precise)   Loses game:     	White=1     	---        Mistake:       	White=6     	Black=4      Inaccurate:     	White=2     	---        OK:         	White=9     	Black=16     Best:        	White=3     	Black=2      Strong:       	White=1     	---        Brilliant:      	---       	Black=1} 0-1

[Event "FIDE WSTC Open 50 2025"]
[Site "Prague"]
[Date "2025.02.24"]
[Round "7.33"]
[White "Burnett, Andrew"]
[Black "Titscher, Libor"]
[Result "1-0"]
[Annotator "TA"]
[ECO "B22"]
[WhiteElo "2147"]
[BlackElo "2147"]
[PlyCount "97"]
[EventDate "2025.02.17"]
[EventType "team-tourn"]
[EventCountry "CZE"]
[SourceTitle "playchess.com"]
[Source "ChessBase"]
[SourceQuality "1"]
[TimeControl "40/5400+30:1800+30"]

1. e4 c5 2. c3 e5 3. Nf3 Nc6 4. Bc4 Qc7 5. O-O Be7 6. Na3 {[%emt 0:02:13] B22: Sicilian: 2 c3.} Nf6 7. d4 cxd4 8. Nb5 {[%emt 0:00:06] White is better.} (8. cxd4 Bxa3 9. bxa3 Nxd4 10. Nxd4 Qxc4 $11) 8... Qb8 9. cxd4 {[%emt 0:00:08] White has more active pieces.} a6 10. dxe5 $146 ({Predecessor:} 10. Nc3 exd4 11. Nxd4 O-O 12. Nf5 Bd8 13. Bb3 d5 14. Nxd5 Nxe4 15. Bf4 Qa7 16. Qg4 {0-1 Gradalski,P-Krol,S POL-chB Bielsko Biala 1991 (6)}) 10... Nxe5 11. Nxe5 {[%emt 0:00:08][%csl Oc8] Black has a bad bishop} Qxe5 12. Nc3 O-O 13. Nd5 Nxd5 14. Bxd5 (14. exd5 Bc5 $11) 14... Bc5 15. Rb1 a5 16. Bd2 d6 17. Bc3 Qe7 {[%emt 0:01:02][%csl Od5] Strong Square White (d5)} 18. Qd2 Be6 19. Bxa5 Bxd5 20. exd5 b6 21. Bc3 Rxa2 22. Qf4 {[%emt 0:00:15] Wards off Qe4} b5 23. Rbe1 Qd7 24. Re4 (24. h3 $16) 24... b4 25. Bxg7 $40 {[%emt 0:00:45][%csl Ob4,Od6,Of7,Oh7][%mdl 128] Black has weak pawns White is out for blood.} (25. Bxb4 Rxb2 26. Bxc5 dxc5 $14) 25... f5 $2 {[%emt 0:03:48][%mdl 8192] Black cannot hold the game after this.} (25... Kxg7 $16 {is tougher.} 26. Qg5+ Kh8 27. Qf6+ Kg8) 26. Bh6 $18 (26. Bxf8 fxe4 27. Bh6 Ra8 28. Qxe4 Qe8 $16) 26... Rf6 27. Rfe1 Ra8 $2 ({Don't blunder} 27... Rxh6 $2 28. Qg5+ (28. Re8+ Qxe8 29. Rxe8+ Kf7 $18) 28... Rg6 29. Re8+ $18) (27... fxe4 {keeps fighting.} 28. Qxf6 Ra8) 28. Re6 Qf7 29. h4 Rxe6 30. dxe6 Qg6 31. Qf3 Re8 32. Qc6 Re7 (32... Bd4 $142 33. Bf4 (33. Qxd6 Bxf2+ 34. Kxf2 Qxh6 $18) 33... b3) 33. Bg5 Re8 34. b3 Rf8 35. Qd7 {[%emt 0:01:40] And now e7 would win.} h6 36. e7 Re8 {[%emt 0:00:09] [#]} 37. Bxh6 $1 Kf7 (37... f4 38. Bg5) 38. Bg5 Bd4 39. g4 fxg4 40. Qxg4 Be5 41. h5 Qc2 42. Re4 {[%emt 0:00:00] Intending Qf5+ and mate.} Rg8 43. Qf5+ Ke8 {[%emt 0:01:20] [#]} 44. Rxe5 $1 Qd1+ 45. Kg2 Rxg5+ 46. Qxg5 dxe5 47. Qxe5 $2 (47. Qg8+ {mates} Kxe7 48. h6 e4 49. Qg5+ Kf7 50. Qf5+ Kg8 51. Qg6+ (51. Qxe4 Qh5 $18) 51... Kf8 52. h7 (52. Qxe4 Qh5 $18) 52... Qf3+ 53. Kg1 Qd1+ 54. Kh2) 47... Qxb3 $2 (47... Qg4+ $18 48. Qg3 Qxh5 49. Qb8+ Kxe7 50. Qxb4+ Kd7) 48. Qd6 Kf7 49. Qd7 {[%emt 0:00:00] Weighted Error Value: White=0.26 (precise) /Black=1.00  Loses game:     	---       	Black=1      Mistake:       	White=1     	Black=2      Inaccurate:     	---       	Black=3      OK:         	White=15    	Black=15     Best:        	White=3     	Black=2} 1-0

[Event "FIDE WSTC Open 50 2025"]
[Site "Prague"]
[Date "2025.02.24"]
[Round "7.34"]
[White "Schulenburg, Bernd"]
[Black "Mitchell, Martin"]
[Result "1-0"]
[Annotator "TA"]
[ECO "B07"]
[WhiteElo "2144"]
[BlackElo "2143"]
[PlyCount "105"]
[EventDate "2025.02.17"]
[EventType "team-tourn"]
[EventCountry "CZE"]
[SourceTitle "playchess.com"]
[Source "ChessBase"]
[SourceQuality "1"]
[TimeControl "40/5400+30:1800+30"]

1. e4 d6 2. d4 Nf6 3. Nc3 g6 4. Bg5 c6 5. Qd2 Nbd7 6. O-O-O Qa5 7. Kb1 b5 8. Bd3 {[%emt 0:05:17] White is slightly better.} Bb7 {[%emt 0:09:27] [#]} (8... b4 $11 9. Nce2 d5) 9. Nd5 Qxd2 $11 10. Nxf6+ {[%emt 0:00:04] A sharp opening} Nxf6 11. Rxd2 Bg7 12. f3 O-O 13. Ne2 a6 14. a4 Rfe8 15. c3 Nd7 16. Kc2 Nb6 (16... bxa4 $15 17. Ra1 c5) 17. axb5 axb5 18. Rdd1 Kf8 19. Ra1 Ra4 20. Rxa4 Nxa4 21. Be3 Nb6 22. b3 Ra8 23. Kb2 (23. d5 $14 {was preferable.} Nd7 24. dxc6 Bxc6 25. Nd4 Bxd4 (25... Ra2+ 26. Kb1 $16) 26. cxd4) 23... Nd7 24. Rd1 e6 25. g4 Ke7 26. h4 e5 27. b4 $1 exd4 28. cxd4 Ra4 (28... Nb6 $11 {keeps the balance.}) 29. Kb3 $16 Ra8 30. g5 (30. Rc1 $16) 30... f6 (30... Nb6 $14) 31. Rc1 Rf8 (31... Rc8 $142 32. h5 fxg5) 32. f4 {[%emt 0:02:33] White is more active.} Nb8 (32... Rc8 $16 33. f5 Kf7) 33. Ra1 Na6 34. Ra2 ({White should play} 34. f5 $18) 34... Ra8 35. Rc2 Rc8 36. Ng3 Nc7 (36... c5 $16 {was worth a try.} 37. dxc5 (37. bxc5 dxc5 38. dxc5 Bc6 $16) 37... dxc5) 37. h5 {[%emt 0:02:55][%cal Bh4h5,Bh5g6][%mdl 32] hxg6 would now be deadly.} fxg5 38. hxg6 (38. fxg5 Rf8 39. hxg6 hxg6 $11) 38... gxf4 $2 {[%emt 0:01:28] Black cannot hold the game after this.} (38... hxg6 $16 39. f5 (39. fxg5 Rf8 $11) 39... Rf8 40. fxg6 (40. Bxg5+ Kd7 $16) 40... Rf3 41. Nf5+ (41. Bxg5+ Kf8 $17) 41... Kf8) 39. Nf5+ $18 Kd7 40. Bxf4 (40. Nxg7 fxe3 41. gxh7 Rh8 $18) 40... Ne6 41. Nxg7 (41. Bxd6 hxg6 (41... Bxd4 $2 42. gxh7 Rh8 43. Rh2 $18) 42. e5 gxf5 $19) 41... Nxf4 {[%emt 0:06:58] [#]} 42. Rf2 $1 Nxg6 (42... Ke7 43. Nf5+) 43. Rf7+ Ne7 44. e5 d5 $2 (44... dxe5 45. Bf5+ (45. dxe5 h5 $18) (45. Bxh7 exd4 46. Bf5+ Kd6 $11) 45... Kd8 46. dxe5 Ra8 47. Ne6+ (47. Bxh7 Bc8 $14) 47... Kd7 48. Rxh7 Ra7) 45. Bf5+ Kd8 46. Ne6+ Ke8 47. Rf8+ (47. Rxh7 Nxf5 48. Rxb7 Ne7 $11) 47... Kd7 {[%emt 0:00:05] ...Rxf8 is the strong threat.} 48. Nc5+ {[%emt 0:02:08] White is clearly winning.} Kc7 49. Rf7 Re8 50. Nxb7 ({Stronger than} 50. Bxh7 Bc8 $11) 50... Kxb7 51. Bd7 ({Less strong is} 51. Bxh7 Kc7 $14) 51... Rg8 52. Rxe7 {[%emt 0:00:08] Be6+ would kill now.} Kb6 53. Rxh7 {[%emt 0:00:49] Weighted Error Value: White=0.16 (very precise) /Black=0.48  Loses game:     	---       	Black=1      Mistake:       	White=4     	Black=8      Inaccurate:     	White=6     	Black=3      OK:         	White=9     	Black=9      Best:        	White=6     	Black=4      Strong:       	White=2     	---} 1-0

[Event "FIDE WSTC Open 50 2025"]
[Site "Prague"]
[Date "2025.02.24"]
[Round "7.35"]
[White "Minnican, Alan"]
[Black "Berndt, Matthias"]
[Result "1/2-1/2"]
[Annotator "TA"]
[ECO "D00"]
[WhiteElo "2039"]
[BlackElo "2072"]
[PlyCount "70"]
[EventDate "2025.02.17"]
[EventType "team-tourn"]
[EventCountry "CZE"]
[SourceTitle "playchess.com"]
[Source "ChessBase"]
[SourceQuality "1"]
[TimeControl "40/5400+30:1800+30"]

1. d4 d5 2. Bf4 Nf6 3. e3 e6 4. Nf3 c5 5. Nbd2 Nc6 6. c3 Bd6 {[%emt 0:04:04] 6...cxd4 is setting a new trend.} 7. Bg3 b6 {[%emt 0:05:13] D02: 1 d4 d5 2 Nf3 sidelines, including 2...Nf6 3 g3 and 2...Nf6 3 Bf4.} 8. Bd3 Qc7 9. dxc5 (9. e4 $142 cxd4 10. cxd4 Bxg3 11. hxg3) 9... bxc5 {[%emt 0:01:12] Black has an edge.} 10. e4 Bxg3 $146 ({Predecessor:} 10... Bb7 11. Qe2 dxe4 12. Nxe4 Nxe4 13. Bxe4 Rd8 14. Rd1 h6 15. Rxd6 Rxd6 16. Qb5 Ke7 17. Qxc5 {1-0 Kroneder,C (2045)-Hirn,E (2084) Mittelfranken-ch HT 2019 (3.4)}) 11. hxg3 Rb8 12. exd5 exd5 13. Rb1 O-O 14. O-O Ng4 15. Bc2 Bd7 16. Nb3 Qd6 17. Qd2 Nce5 18. Rfe1 Nxf3+ (18... Rfe8 {with more complications.} 19. Rbd1 h5 20. Na5 h4) 19. gxf3 Nf6 20. Qe3 Ba4 21. Qe5 Qb6 22. Qf4 Bxb3 23. axb3 Rfe8 24. Kg2 Rbd8 25. Rxe8+ Rxe8 26. Qd2 g6 27. Ra1 Kg7 28. Ra4 Re7 29. Qd3 (29. Rh4 $14 {should be considered.}) 29... c4 30. bxc4 $16 dxc4 31. Rxc4 (31. Qxc4 $16 {Strongly threatening Ra6.} Qxb2 32. Bb3) 31... Qxb2 {[%emt 0:01:27] The position is equal.} 32. Rb4 Qa1 33. Rb1 Qa5 34. Rb5 Qa1 35. Rb1 Qa5 {[%emt 0:00:18] Weighted Error Value: White=0.17 (very precise) /Black=0.18 (very precise)   Mistake:       	White=3     	Black=1      Inaccurate:     	White=3     	Black=8      OK:         	White=6     	Black=8      Best:        	White=2     	---} 1/2-1/2